 Seeded DCSS version 0.28-a0-1567-g1695149f81 (webtiles) character file.

Game seed: 120 (custom seed)

30 knot the Chopper (level 3, 23/29 HPs)
             Began as a Demonspawn Berserker on Jan 19, 2022.
             Was a Believer of Trog.
             Quit the game on level 2 of the Dungeon.
             The game lasted 00:00:38 (1035 turns).

knot the Chopper (Demonspawn Berserker)             Turns: 1035, Time: 00:00:39

Health: 23/29      AC:  2    Str: 17    XL:     3   Next: 5%
Magic:  3/3        EV: 12    Int: 10    God:    Trog [**....]
Gold:   96         SH:  0    Dex: 12    Spells: 2/2 levels left

rFire   . . .      SeeInvis .   a - +0 hand axe
rCold   . . .      Faith    .   (no shield)
rNeg    . . .      Spirit   .   b - +0 animal skin
rPois   .          Reflect  .   (no helmet)
rElec   .          Harm     .   (no cloak)
rCorr   .          Rampage  .   (no gloves)
Will    .....                   (no boots)
Stlth   +.........              (no amulet)
HPRegen 0.09/turn               (no ring)
MPRegen 0.08/turn               (no ring)

@: no status effects
A: claws 1, powered by pain 1
a: Renounce Religion, Berserk, Trog's Hand


You were on level 2 of the Dungeon.
You worshipped Trog.
Trog was pleased with you.
You visited 1 branch of the dungeon, and saw 2 of its levels.

You collected 96 gold pieces.

Inventory:

Hand Weapons
 a - a +0 hand axe (weapon)
Missiles
 f - 5 poisoned darts (quivered)
 i - 5 stones
Armour
 b - a +0 animal skin (worn)
Scrolls
 h - a scroll of torment {unknown}
Potions
 c - a potion of curing {unknown}
 d - a potion of brilliance {unknown}
 e - a potion of heal wounds {unknown}
 g - a potion of degeneration {unknown}


   Skills:
 - Level 3.0 Fighting
 + Level 3.8 Axes
 - Level 1.7 Armour
 - Level 1.7 Dodging


You had 2 spell levels left.
You didn't know any spells.
Your spell library contained the following spells:

 Spells                   Type           Power      Damage    Failure   Level
 Gell's Gravitas          Tloc           0%         N/A       75%         3
 Teleport Other           Tloc           0%         N/A       75%         3
 Dispersal                Tloc           0%         N/A       100%        6


Dungeon Overview and Level Annotations

Branches:
Dungeon (2/15)

Altars:

Annotations:
D:2 Robin


Innate Abilities, Weirdness & Mutations

You have sharp fingernails.
You sometimes gain a little power by taking damage.


Message History

You hit the goblin but do no damage. The goblin hits you but does no damage.
Robin throws the goblin at you!
A goblin comes into view. It is wielding a +0 club.
The goblin closely misses you.
The goblin moves out of view.
There are monsters nearby!
You slash the goblin!
You kill the goblin!
Trog accepts your kill.
You closely miss the goblin. The goblin barely misses you.
The goblin hits you with a +0 club.
You slash the goblin!
You kill the goblin!
Trog accepts your kill.
You hit the goblin.
You kill the goblin!
Trog accepts your kill.
A goblin comes into view. It is wielding a +0 dagger.
A hobgoblin comes into view.
Robin roars a battlecry!
The goblins go into a battle-frenzy!
The hobgoblin shouts!
There are monsters nearby!
You miss the goblin. The goblin barely misses you.
You closely miss the goblin.
The goblin shouts!
Robin throws the goblin at you! The goblin barely misses you.
You slash the hobgoblin!
You kill the hobgoblin!
Trog accepts your kill.
You closely miss the goblin. You hit the goblin.
You kill the goblin!
Trog accepts your kill.
You can now call upon Trog for regeneration and willpower.
The goblin closely misses you.
You have reached level 3!
Your experience leads to an increase in your attributes!
Increase (S)trength, (I)ntelligence, or (D)exterity?
You feel clever. x2; Your demonic ancestry asserts itself...
You feel energised by your suffering.
Are you sure you want to abandon this character and quit the game? (Confirm with "yes".)

#.# # ### .## #.#
## #. #.....# #>#
#. ..
#.#..$#######.###.
.##.#..
............ g.g..
#####.....## .g.
##...## ##g#####
##.## #)@g...# #.#
#.)###.# #.# #).#
#.# ##+## #..###.#
##...## #....#.#
##.....## #.##.#.#
##.......#
#.#....###.........
#........'.........
#......###.........


You could see Robin, 2 hobgoblins and 2 goblins.

Vanquished Creatures
  A worm (D:2)
  2 ball pythons (D:1)
  2 endoplasms (D:1)
  7 goblins
  2 hobgoblins
  3 bats
  3 kobolds
  5 rats (D:1)
25 creatures vanquished.

Notes
Turn   | Place    | Note
-------+----------+-------------------------------------------
     0 | D:1      | knot the Demonspawn Berserker began the quest for the Orb.
     0 | D:1      | Reached XP level 1. HP: 18/18 MP: 1/1
   136 | D:1      | Found a faded altar of an unknown god.
   137 | D:1      | Noticed a golden eye
   139 | D:1      | Noticed a golden eye
   139 | D:1      | Noticed a great orb of eyes
   139 | D:1      | Noticed a great orb of eyes
   388 | D:1      | Gained mutation: You have sharp fingernails. [demonic
                  | ancestry]
   388 | D:1      | Reached XP level 2. HP: 24/24 MP: 2/2
  1028 | D:2      | Noticed Robin
  1034 | D:2      | Reached ** piety under Trog
  1035 | D:2      | Gained mutation: You sometimes gain a little power by
                  | taking damage. [demonic ancestry]
  1035 | D:2      | Reached XP level 3. HP: 23/29 MP: 3/3
  1035 | D:2      | Quit the game

Illustrated notes

Levels and vault maps discovered:
D:1:      minmay_arrival_diagonal_passages, layout_basic,
          hellmonk_ecumenical_altar_watching_god
D:2:      layout_loops_corners, columned_hall_lemuel, minivault_26,
          minmay_tromino_mix6, uniq_robin

Skill      XL: |  1 |
---------------+----+-----
Axes           | 3 |  3.8
Fighting       | |  3.0
Armour         | |  1.7
Dodging        | |  1.7

Action                   || total
-------------------------++-------
Melee: Hand axe          ||    53
       Punch             ||     1
 Stab: Sleeping          ||     1
Armor: Animal skin       ||    16
Dodge: Dodged            ||    34

Table legend: (Time is in decaauts)
 A = Elapsed time spent in this place.
 B = Non-inter-level travel time spent in this place.
 C = Inter-level travel time spent in this place.
 D = Time resting spent in this place.
 E = Time spent auto-exploring this place.
 F = Levels seen in this place.
 G = Mean time per level.
                   A        B        C        D        E       F      G
               +--------+--------+--------+--------+--------+-----+--------+
         Total |   1042 |   1024 |     18 |      0 |    870 |   2 |  521.0 |
       Dungeon |   1042 |   1024 |     18 |      0 |    870 |   2 |  521.0 |
               +--------+--------+--------+--------+--------+-----+--------+

Top non-repeatable levels by time:
     D:1: 664 daAuts
     D:2: 377 daAuts
